 Dungeon Crawl Stone Soup version 0.24-a0-264-gf46a388040 (webtiles) character file.

Game seed: 119859627406853455

4464 JellyEater the Geomancer (level 10, -10/58 HPs)
             Began as a Gargoyle Earth Elementalist on Apr 20, 2019.
             Was a Follower of Vehumet.
             Mangled by a very large slime creature (48 damage)
             ... on level 8 of the Dungeon.
             The game lasted 00:33:26 (8343 turns).

JellyEater the Geomancer (GrEE)                     Turns: 8343, Time: 00:33:26

Health: -10/58     AC: 18    Str: 11    XL:     10   Next: 37%
Magic:  14/19      EV: 13    Int: 20    God:    Vehumet [*.....]
Gold:   306        SH:  0    Dex: 10    Spells: 7/21 levels left

rFire    . . .     SeeInvis .   k - +5 flail
rCold    . . .     Gourm    .   (no shield)
rNeg     + . .     Faith    .   c - +0 robe
rPois    ∞         Spirit   .   j - +0 helmet
rElec    +         Reflect  .   (no cloak)
rCorr    .         Harm     .   m - +1 pair of gloves
MR       .....                  x - +0 pair of boots
Stlth    ++........             (no amulet)
HPRegen  0.19/turn              z - +4 ring of protection
MPRegen  0.16/turn              (no ring)

@: no status effects
A: negative energy resistance 1, electricity resistance, unbreathing,
petrification resistance, rot immunity, AC +7
a: Renounce Religion


You were on level 8 of the Dungeon.
You worshipped Vehumet.
Vehumet was aware of your devotion.
You were not hungry.

You visited 2 branches of the dungeon, and saw 9 of its levels.
You also visited: Sewer.

You collected 306 gold pieces.

Inventory:

Hand Weapons
 k - a +5 flail (weapon)
 u - a +0 morningstar
 w - a +0 flail of venom
Missiles
 b - 17 stones (quivered)
 y - a throwing net
Armour
 c - a +0 robe (worn)
 j - a +0 helmet (worn)
 m - a +1 pair of gloves (worn)
 x - a +0 pair of boots (worn)
Jewellery
 z - a +4 ring of protection (left hand)
Wands
 a - a wand of acid (2)
 l - a wand of random effects (11)
 D - a wand of flame (9)
Scrolls
 g - 3 scrolls of remove curse
 h - 5 scrolls of fear
 p - a scroll of fog
 q - 2 scrolls of teleportation
 s - a scroll of blinking
 t - 4 scrolls of magic mapping
 A - a scroll of amnesia
Potions
 e - 4 potions of curing
 f - 2 potions of resistance
 i - 3 potions of brilliance
 n - a potion of cancellation
 o - 2 potions of haste
 r - 5 potions of heal wounds
 v - 2 potions of magic
 C - 2 potions of lignification
Comestibles
 d - 16 rations
 B - 3 chunks of flesh


   Skills:
 + Level 4.3 Fighting
 + Level 4.0 Maces & Flails
 + Level 4.6 Armour
 + Level 3.8 Dodging
 - Level 2.1 Stealth
 + Level 6.3 Spellcasting
 + Level 5.8 Conjurations
   Level 0.7 Transmutations
 * Level 3.1 Fire Magic
 + Level 8.6 Earth Magic
 + Level 3.7 Evocations


You had 7 spell levels left.
You knew the following spells:

 Your Spells              Type           Power        Failure   Level  Hunger
a - Sandblast             Erth           #####.       1%          1    None
b - Stone Arrow           Conj/Erth      #####.       1%          3    ##.....
c - Lee's Rapid Deconstr  Erth           #####.....   9%          5    #####..
d - Fireball              Conj/Fire      ###.......   41%         5    #####..

Your spell library contained the following spells:

 Spells                   Type           Power        Failure   Level  Hunger
 Shock                    Conj/Air       ###.         3%          1    None
 Flame Tongue             Conj/Fire      ###..        1%          1    None
 Magic Dart               Conj           ####         1%          1    None
 Searing Ray              Conj           ####..       1%          2    None
 Passwall                 Tmut/Erth      ####....     2%          2    None
 Throw Flame              Conj/Fire      ###...       2%          2    None
 Conjure Flame            Conj/Fire      ###.....     4%          3    ##.....
 Dazzling Spray           Conj/Hex       ###...       9%          3    ##.....
 Iskenderun's Mystic Bla  Conj           ####....     9%          4    ####...
 Petrify                  Tmut/Erth      ####....     14%         4    ####...
 Inner Flame              Hex/Fire       ##......     16%         3    ##.....
 Sticky Flame             Conj/Fire      ###.....     16%         4    ####...
 Force Lance              Conj/Tloc      ###.....     30%         4    ####...
 Fulminant Prism          Conj/Hex       ###.......   30%         4    ####...


Dungeon Overview and Level Annotations

Branches:
Dungeon (8/15)             Temple (1/1) D:7
   Lair: D:8-11

Altars:
Ashenzari
Cheibriados
Dithmenos
Elyvilon
Fedhas
Gozag
Hepliaklqana
Kikubaaqudgha
Makhleb
Nemelex Xobeh
Okawaru
Qazlal
Ru
Sif Muna
Trog
Uskayaw
Vehumet
Wu Jian
Xom
Yredelemnul
Zin
The Shining One

Shops:
D:5 }


Innate Abilities, Weirdness & Mutations

You are resistant to torment.
Your stone body is resilient. (AC +7)
You are immune to poison.
You resist negative energy. (rN+)
You are resistant to electric shocks. (rElec)
You can survive without breathing.
You are immune to petrification.
You are immune to rotting.


Message History

Aiming: Sandblast (safe; 1% risk of failure)
Press: ? - help, Shift-Dir - straight line, f/p - very large slime creature
Aim: a very large slime creature (heavily wounded)
The blast of sand misses the very large slime creature.
The blast of sand hits the jackal!!
You kill the jackal!
Vehumet accepts your kill.
b - 17 stones The very large slime creature closely misses you.
Unknown command.
Unknown command.
Unknown command.
Unknown command.
Unknown command.
Unknown command.
A jelly comes into view.
The jelly quivers.
The very large slime creature hits you!!!
Ouch! That really hurt!
You die...

##...## ######..# #....#
###.......# #..###
##...####.## #..#
#..###....## ...# #.##
#.##..# .### ##.# #.###<#
.# #####..# #.# #.## .#
###.....#####.###..#
########.....J.J@.........#
...........#######..##..#.#
.....##.#### #.###.##.#
...#.#..# #. #.##.#
...#...## #. #.##.#
...#..## #. #.##.# ......#
#. ##.##.# ......### ..
#..##.# #####...# #.###.#


You could see a very large slime creature and a jelly.

Vanquished Creatures
  A two-headed ogre (D:8)
  Joseph (D:8)
  Grinder (D:5)
  2 slime creatures (D:8)
  A hippogriff (D:6)
  Edmund (D:5)
  A water moccasin (D:7)
  2 orc warriors
  A sky beast (D:8)
  2 black bears (D:6)
  An ogre (D:6)
  2 centaurs (D:7)
  4 bullfrogs
  A wyvern zombie (D:8)
  3 scorpions
  5 howler monkeys
  A vampire bat (D:3)
  A bullfrog zombie (D:8)
  A quasit (D:8)
  3 orc priests
  2 jellies
  A centaur skeleton (D:7)
  2 bullfrog skeletons (D:7)
  4 hounds
  3 orc wizards
  An iguana (D:6)
  Ijyb (D:3)
  6 worker ants
  A hound zombie (D:6)
  A hound skeleton (D:4)
  15 adders
  A howler monkey skeleton (D:4)
  2 river rats (Sewer)
  A shadow imp (D:7)
  5 oozes
  An adder skeleton (D:4)
  5 worms
  3 dart slugs
  3 leopard geckos
  29 orcs
  16 ball pythons
  11 bats
  5 bat skeletons (D:3)
  2 bat zombies (D:3)
  9 giant cockroaches
  4 goblins
  14 hobgoblins
  23 jackals
  6 quokkas
  8 frilled lizards
  A jackal skeleton (D:8)
  6 kobolds
  A leopard gecko zombie (D:5)
  A quokka skeleton (D:6)
  2 quokka zombies
  37 rats
  A bush (D:3)
269 creatures vanquished.

Vanquished Creatures (others)
  A plant (D:3)
1 creature vanquished.

Grand Total: 270 creatures vanquished

Notes
Turn   | Place    | Note
-------+----------+-------------------------------------------
     0 | D:1      | JellyEater the Gargoyle Earth Elementalist began the quest
                  | for the Orb.
     0 | D:1      | Reached XP level 1. HP: 10/10 MP: 3/3
     1 | D:1      | Found a runed translucent door.
   167 | D:1      | Reached XP level 2. HP: 13/15 MP: 1/5
   233 | D:1      | Reached skill level 4 in Earth Magic
   882 | D:1      | Reached XP level 3. HP: 19/19 MP: 6/6
  1391 | D:2      | Reached XP level 4. HP: 20/24 MP: 8/8
  1511 | D:2      | Found a burning altar of Makhleb.
  1587 | D:2      | Reached skill level 5 in Earth Magic
  1829 | D:2      | You fall through a shaft for 2 floors!
  1976 | D:3      | Noticed Ijyb
  1983 | D:3      | Killed Ijyb
  1983 | D:3      | Reached XP level 5. HP: 28/28 MP: 4/10
  1989 | D:3      | Learned a level 3 spell: Stone Arrow
  1995 | D:3      | Learned a level 5 spell: Lee's Rapid Deconstruction
  2461 | D:3      | Found a faded altar of an unknown god.
  2719 | D:3      | Reached skill level 1 in Conjurations
  2776 | D:3      | Found a white marble altar of Elyvilon.
  3083 | D:3      | Found an ancient bone altar of Kikubaaqudgha.
  3089 | D:3      | Reached XP level 6. HP: 30/32 MP: 10/12
  3163 | D:3      | Reached skill level 6 in Earth Magic
  3264 | D:3      | Found a glowing silver altar of Zin.
  3660 | D:4      | Reached XP level 7. HP: 29/36 MP: 9/13
  4188 | D:5      | Entered Level 5 of the Dungeon
  4223 | D:5      | Found a blossoming altar of Fedhas.
  4605 | D:5      | Found a glowing drain.
  4627 | Sewer    | Entered a sewer
  5115 | Sewer    | Reached skill level 5 in Spellcasting
  5115 | Sewer    | Reached skill level 7 in Earth Magic
  5119 | Sewer    | Reached skill level 1 in Fighting
  5119 | Sewer    | Reached skill level 1 in Maces & Flails
  5119 | Sewer    | Reached skill level 1 in Armour
  5307 | D:5      | Reached skill level 1 in Evocations
  5312 | D:5      | Reached XP level 8. HP: 43/43 MP: 9/15
  5343 | D:5      | Noticed Grinder
  5346 | D:5      | Killed Grinder
  5380 | D:5      | Found Liwifoos's Gadget Boutique.
  5426 | D:5      | Noticed Edmund
  5432 | D:5      | Killed Edmund
  5573 | D:5      | Found a glowing golden altar of the Shining One.
  5580 | D:5      | Found a shadowy altar of Dithmenos.
  6097 | D:6      | Found a stormy altar of Qazlal.
  6131 | D:6      | Noticed a hippogriff
  6136 | D:6      | Killed a hippogriff
  6136 | D:6      | Reached XP level 9. HP: 49/49 MP: 11/17
  6150 | D:6      | Found a stormy altar of Qazlal.
  6318 | D:6      | Found a hazy altar of Hepliaklqana.
  6542 | D:6      | Reached skill level 5 in Conjurations
  6642 | D:7      | Reached skill level 8 in Earth Magic
  6976 | D:7      | Found a staircase to the Ecumenical Temple.
  6987 | Temple   | Entered the Ecumenical Temple
  7079 | Temple   | Became a worshipper of Vehumet
  7122 | D:7      | Learned a level 5 spell: Fireball
  7552 | D:8      | Noticed a two-headed ogre
  7563 | D:8      | Killed a two-headed ogre
  7563 | D:8      | Reached XP level 10. HP: 56/56 MP: 16/19
  7591 | D:8      | Noticed Joseph
  8103 | D:8      | Reached * piety under Vehumet
  8103 | D:8      | Offered knowledge of Shock by Vehumet.
  8181 | D:8      | Killed Joseph
  8343 | D:8      | Mangled by a very large slime creature

Levels and vault maps discovered:
D:1:      dpeg_arrival_caged_fury, layout_rooms, minmay_bisected
D:2:      layout_loops_ring, lemuel_doored_altar
D:3:      layout_rooms, lemuel_crystal_altar, kennysheep_vampire_church,
          chequers_ecumenical_altar_simple, serial_forest,
          infiniplex_forest_zigzag_1, infiniplex_forest_straight_3,
          infiniplex_forest_split, infiniplex_forest_lined_3,
          infiniplex_forest_straight_3, infiniplex_forest_clump_long,
          first_ration, elyvilon_altar_3, uniq_ijyb
D:4:      layout_basic, kennysheep_nondescript
D:5:      layout_loops_corners, minitemple, serial_shops,
          nicolae_shop_behind_doors, portal_sewer_entry_b, fedhas_altar_3,
          uniq_grinder, uniq_edmund
D:6:      layout_loops_cross, old_standard_altar, grunt_qazlal_clouds,
          kennysheep_flooded_box
D:7:      layout_basic, minmay_temple_entry_mini_moons
D:8:      layout_rooms, uniq_joseph
Temple:   zaba_magenta_temple
Sewer:    sewer_minmay_w

Skill      XL: |  1  2  3  4  5  6  7  8  9 10 |
---------------+-------------------------------+-----
Earth Magic    | 4 5 6 7 8 |  8.6
Spellcasting   | 3 4 5 6 |  6.3
Conjurations   | 1 3 4 5 |  5.8
Fighting       | 1 2 4 |  4.3
Maces & Flails | 1 2 3 4 |  4.0
Armour         | 1 2 4 |  4.6
Evocations     | 1 2 3 |  3.7
Dodging        | 2 3 |  3.8
Fire Magic     | 2 3 |  3.1
Stealth        | |  2.1
Transmutations | |  0.7

Action                   |  1- 3 |  4- 6 |  7- 9 | 10-12 || total
-------------------------+-------+-------+-------+-------++-------
Melee: Unarmed           |    10 |       |       |       ||    10
       Short sword       |   119 |    24 |       |       ||   143
       Flail             |       |   244 |   274 |    61 ||   579
 Cast: Sandblast         |    31 |    31 |    52 |    33 ||   147
       Lee's Rapid Decon |       |     2 |     2 |     3 ||     7
       Stone Arrow       |       |       |     3 |       ||     3
Evoke: Wand              |       |       |     7 |       ||     7
  Use: Scroll            |       |    10 |     9 |     2 ||    21
       Potion            |       |     2 |       |       ||     2
 Stab: Distracted        |     1 |       |       |       ||     1
       Sleeping          |       |     4 |     4 |     1 ||     9
  Eat: Chunk             |     2 |     9 |    14 |     3 ||    28
Armor: Robe              |    58 |   151 |   217 |    54 ||   480
Dodge: Dodged            |   127 |   228 |   346 |    82 ||   783

Table legend:
 A = Non-vault XP
 B = Vault XP
 C = Vault XP percentage of total XP
 D = Non-vault monster count
 E = Vault monster count
 F = Vault count percentage of total count
                 A         B        C        D         E       F
            +---------+---------+-------+---------+---------+-------
      Total |    5046 |    1332 |  20.9 |     188 |      80 |  29.9
            +---------+---------+-------+---------+---------+-------
        D:1 |      46 |      31 |  40.3 |      21 |      15 |  41.7
        D:2 |      90 |       0 |   0.0 |      23 |       0 |   0.0
        D:3 |     100 |     105 |  51.2 |      34 |       9 |  20.9
        D:4 |     491 |       0 |   0.0 |      25 |       0 |   0.0
        D:5 |      55 |     482 |  89.8 |       6 |       7 |  53.8
        D:6 |    1353 |       0 |   0.0 |      25 |       0 |   0.0
        D:7 |     699 |       0 |   0.0 |      17 |       0 |   0.0
        D:8 |    2212 |     434 |  16.4 |      37 |       1 |   2.6
      Sewer |       0 |     280 | 100.0 |       0 |      48 | 100.0
            +---------+---------+-------+---------+---------+-------
